 Dungeon Crawl Stone Soup version 0.26-a0-26-ge22fd8933b (webtiles) character file.

Game seed: 1222161362214505555, levelgen mode: deterministic

440 Essalna the Chiller (level 7, -3/78 HPs)
             Began as a Merfolk Ice Elementalist on May 27, 2020.
             Was an Initiate of Vehumet.
             Killed from afar by an orc wizard (7 damage)
             ... with a puff of frost
             ... on level 5 of the Dungeon.
             The game lasted 00:13:29 (4264 turns).

Essalna the Chiller (Merfolk Ice Elementalist)      Turns: 4264, Time: 00:13:29

Health: -3/78      AC: 23    Str: 10    XL:     7   Next: 2%
Magic:  12/12      EV:  2    Int: 14    God:    Vehumet [......]
Gold:   100        SH:  4    Dex: 13    Spells: 8/12 levels left

rFire    . . .     SeeInvis .   p - +0 short sword (speed)
rCold    . . .     Gourm    .   q - +0 buckler
rNeg     + + +     Faith    .   (armour currently unavailable)
rPois    +         Spirit   .   (helmet currently unavailable)
rElec    .         Reflect  .   (cloak currently unavailable)
rCorr    .         Harm     .   (gloves currently unavailable)
MR       .....     NoTele   +   (boots currently unavailable)
Stlth    ++........             (no amulet)
HPRegen  0.23/turn              m - -4 ring of dexterity (curse)
MPRegen  0.13/turn              (no ring)

@: tree-form, very slightly contaminated, hasted, very quick
A: (change form in water), (swift swim), (stealthy swim), agile 1, dopey 1,
sense surroundings 1, strong 1
a: Renounce Religion


You were on level 5 of the Dungeon.
You worshipped Vehumet.
Vehumet was noncommittal.
You were not hungry.
You were a tree.
You visited 2 branches of the dungeon, and saw 6 of its levels.

You collected 100 gold pieces.

Inventory:

Hand Weapons
 e - a +0 dagger
 p - a +0 short sword of speed (weapon)
Armour
 a - a +0 robe (melded)
 q - a +0 buckler (worn)
Jewellery
 m - a cursed -4 ring of dexterity (left branch)
Scrolls
 b - 3 scrolls of remove curse {unknown}
 f - 4 scrolls of identify {unknown}
 l - a scroll of teleportation {unknown}
 n - 3 scrolls of random uselessness {unknown}
 o - a scroll of blinking {unknown}
Potions
 i - a potion of lignification
 j - a potion of magic
Comestibles
 c - 5 rations
 g - 7 chunks of flesh


   Skills:
 + Level 3.3 Fighting
 + Level 4.9 Dodging
 - Level 2.1 Stealth
 + Level 2.2 Shields
 + Level 3.4 Spellcasting
 + Level 5.6 Ice Magic


You had 8 spell levels left.
You knew the following spells:

 Your Spells              Type           Power        Failure   Level  Hunger
a - Freeze                Ice            ###.         2%          1    #......
b - Frozen Ramparts       Ice            ###...       8%          3    ###....

Your spell library contained the following spells:

 Spells                   Type           Power        Failure   Level  Hunger
 Ozocubu's Armour         Chrm/Ice       ##......     24%         3    ###....
 Hailstorm                Conj/Ice       ##......     61%         4    #####..
 Summon Ice Beast         Ice/Summ       ##......     61%         4    #####..


Dungeon Overview and Level Annotations

Branches:
Dungeon (5/15)             Temple (1/1) D:4

Altars:
Ashenzari
Cheibriados
Dithmenos
Fedhas
Gozag
Hepliaklqana
Makhleb
Nemelex Xobeh
Okawaru
Ru
Sif Muna
Vehumet
Wu Jian
Xom
Yredelemnul
Zin
The Shining One

Annotations:
D:4 Menkaure


Innate Abilities, Weirdness & Mutations

((You revert to your normal form in water.))
((You are very nimble and swift while swimming.))
((You are very stealthy in the water. (Stealth+)))
You are agile. (Dex +2)
You are dopey. (Int -2)
You passively map a small area around you.
Your muscles are strong. (Str +2)


Message History

The magic dart hits you.
* * * LOW HITPOINT WARNING * * *
It was a potion of lignification.
You turn into a tree.
Your +0 robe melds into your body.
Your roots penetrate the ground.
Something hits you but does no damage.
It was a potion of magic.
Magic courses through your body. Something hits you but does no damage.
You hear some strange, mumbled words.
A puff of flame appears from out of thin air!
The puff of flame hits you.
* * * LOW HITPOINT WARNING * * *
You feel yourself speed up. You block something's attack.
You miss something. Something hits you but does no damage.
You closely miss something. Something hits you.
* * * LOW HITPOINT WARNING * * *
You barely miss something.
You hear some strange, mumbled words.
A puff of frost appears from out of thin air!
The puff of frost hits you!
You die...

....... ###...# , , ###
#.'..#* * #####.# #.#..(#
, #.....# #.#$.o....
###'#.# ######)#....... ,
...)..######......########
.....>..........{....####
................♣.........
,
#########)##.######...##.#
#.)..#,,, ...#* * ######
** #...# * .#.# * ##...*
.. , *


There were no monsters in sight!

Vanquished Creatures
  An ogre (D:5)
  A crimson imp (D:5)
  A centaur skeleton (D:4)
  3 iguanas
  An orc priest (D:5)
  A worker ant (D:4)
  8 adders
  A shadow imp (D:3)
  An ooze (D:3)
  2 dart slugs
  2 leopard geckos
  5 orcs
  A ball python (D:3)
  12 bats
  3 giant cockroaches (D:1)
  3 goblins
  8 hobgoblins
  3 jackals (D:1)
  2 quokkas
  A ball python skeleton (D:4)
  2 frilled lizards (D:3)
  9 kobolds
  A quokka zombie (D:5)
  6 rats
78 creatures vanquished.

Notes
Turn   | Place    | Note
-------+----------+-------------------------------------------
     0 | D:1      | Essalna the Merfolk Ice Elementalist began the quest for
                  | the Orb.
     0 | D:1      | Reached XP level 1. HP: 13/13 MP: 3/3
   382 | D:1      | Reached XP level 2. HP: 20/20 MP: 5/5
   619 | D:1      | Reached skill level 1 in Fighting
  1021 | D:1      | Reached XP level 3. HP: 26/26 MP: 4/6
  1575 | D:2      | Found a faded altar of an unknown god.
  2299 | D:3      | Reached XP level 4. HP: 28/33 MP: 2/7
  2513 | D:3      | Found an opulent altar of Gozag.
  2514 | D:3      | Found a sparkling altar of Nemelex Xobeh.
  2623 | D:3      | Learned a level 3 spell: Frozen Ramparts
  2782 | D:3      | Reached skill level 5 in Ice Magic
  2877 | D:3      | Reached XP level 5. HP: 23/38 MP: 5/9
  3117 | D:3      | Reached skill level 1 in Shields
  3477 | D:4      | Found a staircase to the Ecumenical Temple.
  3490 | Temple   | Entered the Ecumenical Temple
  3551 | Temple   | Became a worshipper of Vehumet
  3633 | D:2      | Found a shimmering altar of Xom.
  3942 | D:4      | Noticed Menkaure
  3970 | D:4      | Reached XP level 6. HP: 46/46 MP: 3/10
  4100 | D:5      | Entered Level 5 of the Dungeon
  4250 | D:5      | Reached XP level 7. HP: 5/52 MP: 2/12
  4253 | D:5      | HP: 2/52 [something/magic dart (9)]
  4258 | D:5      | Gained mutation: You are dopey. (Int -2) [potion of
                  | mutation]
  4258 | D:5      | Gained mutation: Your muscles are strong. (Str +2) [potion
                  | of mutation]
  4258 | D:5      | Gained mutation: You are agile. (Dex +2) [potion of
                  | mutation]
  4258 | D:5      | Gained mutation: You passively map a small area around you.
                  | [potion of mutation]
  4264 | D:5      | Killed from afar by an orc wizard

Illustrated notes

Levels and vault maps discovered:
D:1:      dpeg_arrival_arbitrary_c, layout_loops_corners, serial_forest,
          infiniplex_forest_end_double, infiniplex_forest_clump_medium,
          infiniplex_forest_clump_curved, infiniplex_forest_clump_cross,
          infiniplex_forest_lined_ring, infiniplex_forest_end_1,
          infiniplex_forest_zigzag_1
D:2:      kennysheep_big_flooded_room, layout_rooms,
          nicolae_overflow_hidden_temple, first_ration,
          chequers_ecumenical_altar_simple_redux
D:3:      layout_loops_ring, grunt_temple_overflow_opulence, saegor_snake_ambush
D:4:      minmay_chambers_of_fours, layout_cave_pools,
          minmay_temple_entry_wispy, gammafunk_ghost_nasty_kobolds,
          uniq_menkaure, uniq_eustachio
D:5:      cheibrodos_fzero, layout_basic, kennysheep_generic_room_8,
          uniq_sigmund
Temple:   regret_index_temple_waves

Skill      XL: |  1  2  3  4  5  6 |
---------------+-------------------+-----
Dodging        | 3 4 |  4.9
Fighting       | 1 2 3 |  3.3
Ice Magic      | 5 |  5.6
Shields        | 1 2 |  2.2
Spellcasting   | 3 |  3.4
Stealth        | |  2.1

Action                   |  1- 3 |  4- 6 |  7- 9 || total
-------------------------+-------+-------+-------++-------
Melee: Dagger            |    45 |       |       ||    45
       Short sword       |     1 |   132 |     3 ||   136
 Cast: Freeze            |    50 |    27 |     1 ||    78
       Frozen Ramparts   |       |     7 |       ||     7
  Use: Potion            |       |     3 |     5 ||     8
 Stab: Sleeping          |     8 |     5 |       ||    13
  Eat: Chunk             |     5 |     7 |       ||    12
Armor: Robe              |    17 |    11 |     1 ||    29
       Skin              |       |       |     2 ||     2
Dodge: Dodged            |    74 |    61 |     2 ||   137
Block: Buckler           |       |    29 |     1 ||    30

Table legend:
 A = Non-vault XP
 B = Vault XP
 C = Vault XP percentage of total XP
 D = Non-vault monster count
 E = Vault monster count
 F = Vault count percentage of total count
                 A         B        C        D         E       F
            +---------+---------+-------+---------+---------+-------
      Total |     572 |      57 |   9.1 |      71 |       7 |   9.0
            +---------+---------+-------+---------+---------+-------
        D:1 |      38 |       0 |   0.0 |      22 |       0 |   0.0
        D:2 |      25 |       3 |  10.7 |       7 |       2 |  22.2
        D:3 |      88 |      54 |  38.0 |      27 |       5 |  15.6
        D:4 |     169 |       0 |   0.0 |       8 |       0 |   0.0
        D:5 |     252 |       0 |   0.0 |       7 |       0 |   0.0
            +---------+---------+-------+---------+---------+-------
